 Dungeon Crawl Stone Soup version 0.30-a0-777-ga9a30cbeda (webtiles) character file.

Game seed: 4580316368612277471

135 NotreDorf the Magician (level 4, -1/11 (34) HPs)
             Began as a Mummy Reaver on Feb 13, 2023.
             Slain by Ijyb
             ... wielding a +0 dagger
              (2 damage)
             ... on level 3 of the Dungeon.
             The game lasted 00:11:25 (1998 turns).

NotreDorf the Magician (Mummy Reaver)               Turns: 1998, Time: 00:11:26

HP:   -1/11 (34)    AC:  6    Str: 15    XL:     4   Next: 96%
MP:   8/9           EV:  9    Int: 14    God:
Gold: 91            SH:  0    Dex: 10    Spells: 9/10 levels left

rFire   x . .      SeeInvis .    j - +2 short sword (speed)
rCold   + . .      Faith    +    (no shield)
rNeg    + + +      Spirit   .    e - +0 scale mail
rPois   ∞          Reflect  .    (no helmet)
rElec   .          Harm     .    (no cloak)
rCorr   .          Rampage  .    (no gloves)
Will    .....                    (no boots) Stlth
                                 (no amulet)
HPRegen 0.21/turn                (no ring)
MPRegen 0.11/turn                (no ring)

@: extremely drained
A: cold resistance 1, negative energy resistance 3, torment resistance 2, heat
vulnerability 1, in touch with death 1, no potions, faith
a: no special abilities


You were on level 3 of the Dungeon.
You visited 1 branch of the dungeon, and saw 4 of its levels.

You collected 91 gold pieces.

Inventory:

Hand Weapons
 a - a +0 mace
 j - a +2 short sword of speed (weapon)
 m - a +2 dagger of venom
Missiles
 g - 2 atropa-tipped darts
Armour
 b - a +0 leather armour
 e - a +0 scale mail (worn)
Scrolls
 c - 4 scrolls of identify {unknown}
 d - 2 scrolls of noise {unknown}
 f - a scroll of blinking {unknown}
 h - 4 scrolls of fog {unknown}
 i - a scroll of vulnerability {unknown}
 k - a scroll of summoning {unknown}
 l - 2 scrolls of enchant weapon {unknown}


   Skills:
 + Level 2.8 Fighting
 + Level 3.0 Maces & Flails
 + Level 1.3 Armour
 - Level 1.5 Dodging
 + Level 3.7 Spellcasting
 + Level 3.0 Conjurations


You had 9 spell levels left.
You knew the following spells:

 Your Spells              Type           Power      Damage    Failure   Level
a - Kiss of Death         Conj/Necr      40%        2d8       38%         1

Your spell library contained the following spells:

 Spells                   Type           Power      Damage    Failure   Level
 Momentum Strike          Conj/Tloc      12%        3d8       54%         2
 Hailstorm                Conj/Ice       6%         3d4       77%         3


Dungeon Overview and Level Annotations

Branches:
Dungeon (4/15)
 Temple: D:4-7

Altars:
Yredelemnul

Shops:
D:3 [*

Annotations:
D:3 Ijyb


Innate Abilities, Weirdness & Mutations

You are immune to poison.
Your flesh is cold resistant. (rC+)
You are immune to negative energy. (rN+++)
You are immune to unholy pain and torment.
You are vulnerable to heat. (rF-)
You are in touch with the powers of death.
You do not drink.
You have a special connection with the divine. (Faith)


Message History

Ijyb hits you with a +0 dagger.
You hit Ijyb.
Ijyb is moderately wounded.
You hit Ijyb but do no damage.
Ijyb is moderately wounded.
Ijyb hits you but does no damage.
You hit Ijyb but do no damage.
Ijyb is moderately wounded.
You barely miss Ijyb.
Ijyb is moderately wounded.
Ijyb hits you but does no damage.
You hit Ijyb.
Ijyb is heavily wounded.
Ijyb screams, "Me stronger than you!" Ijyb hits you with a +0 dagger.
You closely miss Ijyb.
Ijyb is heavily wounded.
You hit Ijyb.
Ijyb is heavily wounded.
Ijyb hits you with a +0 dagger.
You hit Ijyb but do no damage.
Ijyb is heavily wounded.
Ijyb zaps a wand.
You suddenly lose the ability to move!
Ijyb hits you with a +0 dagger.
* * * LOW HITPOINT WARNING * * *
Ijyb zaps a wand.
You shrug off the repeated paralysis!
Ijyb hits you but does no damage. Ijyb hits you but does no damage.
Ijyb hits you with a +0 dagger.
* * * LOW HITPOINT WARNING * * *
You can move again.
Casting: Kiss of Death (safe; 38% risk of failure)
Confirm with . or Enter, or press ? or * to list all spells.
Aiming: Kiss of Death (safe; 38% risk of failure)
Press: ? - help, Shift-Dir - straight line, f - Ijyb
Aim: Ijyb, wielding a +0 dagger, wearing a +0 scale mail and carrying a wand of paralysis (6) (heavily wounded, 100% to hit)
You feel a surge of power!
The negative energy hits Ijyb.
Ijyb is drained!
Ijyb is severely wounded.
You feel drained. Ijyb hits you with a +0 dagger.
You die...

..# #"# #.# ##.## ## ###...###
####. ..._... ..... #...# #. ....
#g# #. ###. ########## #@# #. #.
#........# #.####.# #.#####.
#........# ##......# #.......
#........# ##..###### #...##..
#........+ #.......... +...##..
#........#####.######### #...†)..
.......>.)..##.#....# #...####
.........##.##.#<.#.# #...#...
...########.##.####.######...#...


You could see Ijyb (very drained).

Vanquished Creatures
  Terence (D:3)
  3 adders
  3 dart slugs
  An orc (D:3)
  6 ball pythons
  5 endoplasms
  3 giant cockroaches
  6 hobgoblins
  9 jackals
  4 kobolds
  4 quokkas
  7 bats
  8 goblins
  5 rats (D:2)
65 creatures vanquished.

Vanquished Creatures (others)
  4 plants (D:2)
4 creatures vanquished.

Grand Total: 69 creatures vanquished

Notes
Turn   | Place    | Note
-------+----------+-------------------------------------------
     0 | D:1      | NotreDorf the Mummy Reaver began the quest for the Orb.
     0 | D:1      | Reached XP level 1. HP: 16/16 MP: 4/4
   197 | D:1      | Reached XP level 2. HP: 22/22 MP: 5/5
   549 | D:1      | Gained mutation: You are in touch with the powers of death.
                  | [Mummy growth]
   549 | D:1      | Reached XP level 3. HP: 24/24 MP: 7/7
  1034 | D:2      | Reached skill level 1 in Armour
  1253 | D:2      | Reached XP level 4. HP: 25/30 MP: 9/9
  1764 | D:3      | Noticed Terence
  1785 | D:3      | Killed Terence
  1852 | D:3      | Found Aniehig's Armour Shop.
  1881 | D:3      | Found Katuycad's Assorted Antiques.
  1940 | D:3      | Found a basalt altar of Yredelemnul.
  1945 | D:3      | Noticed Ijyb
  1964 | D:3      | Paralysed by Ijyb for 3 turns
  1992 | D:3      | Paralysed by Ijyb for 5 turns
  1998 | D:3      | Slain by Ijyb

Illustrated notes

Levels and vault maps discovered:
D:1:      wander_arrival_lonely_grave, layout_basic
D:2:      wad_lake_hut, layout_rooms
D:3:      layout_basic, nicolae_overflow_crystal_walls, serial_shops, shop,
          nicolae_shop_advertising_works [nicolae_subvault_shop_adworks],
          minmay_misc_feat_diagonals, uniq_ijyb, uniq_terence
D:4:      layout_cave_pools, kennysheep_okawaru_gauntlet,
          nicolae_ossuary_entry_ruins, uniq_crazy_yiuf_cottage, uniq_edmund,
          uniq_duvessa

Skill      XL: |  1  2  3  4 |
---------------+-------------+-----
Spellcasting   | 3 |  3.7
Armour         | 1 |  1.3
Conjurations   | 3 |  3.0
Maces & Flails | 3 |  3.0
Fighting       | |  2.8
Dodging        | |  1.5

Action                     |  1- 3 |  4- 6 || total
---------------------------+-------+-------++-------
  Melee: Mace              |    60 |       ||    60
         Short sword       |   126 |   123 ||   249
         Punch             |       |     1 ||     1
   Cast: Kiss of Death     |     2 |     4 ||     6
 Armour: Scale mail        |    67 |    33 ||   100
  Dodge: Dodged            |    77 |    34 ||   111

Table legend: (Time is in decaauts)
 A = Elapsed time spent in this place.
 B = Non-inter-level travel time spent in this place.
 C = Inter-level travel time spent in this place.
 D = Time resting spent in this place.
 E = Time spent auto-exploring this place.
 F = Levels seen in this place.
 G = Mean time per level.
                   A        B        C        D        E       F      G
               +--------+--------+--------+--------+--------+-----+--------+
         Total |   1970 |   1916 |     54 |    157 |   1084 |   4 |  492.5 |
       Dungeon |   1970 |   1916 |     54 |    157 |   1084 |   4 |  492.5 |
               +--------+--------+--------+--------+--------+-----+--------+

Top non-repeatable levels by time:
     D:3: 675 daAuts
     D:1: 656 daAuts
     D:2: 636 daAuts
     D:4: 1 daAuts
